 Dungeon Crawl Stone Soup version 0.29-a0-541-gaf1fc19f1b (webtiles) character file.

Game seed: 786432281020507025

6 IdlyInterested the Sneak (level 1, 0/16 HPs)
             Began as a Demonspawn Brigand on June 2, 2022.
             Slain by a ball python (1 damage)
             ... on level 1 of the Dungeon.
             The game lasted 00:01:11 (429 turns).

IdlyInterested the Sneak (Demonspawn Brigand)        Turns: 429, Time: 00:01:12

Health: 0/16       AC:  3    Str: 11    XL:     1   Next: 75%
Magic:  1/1        EV:  9    Int: 12    God:
Gold:   54         SH:  0    Dex: 14    Spells: 0/0 levels left

rFire   . . .      SeeInvis .   a - +2 dagger
rCold   . . .      Faith    .   f - orb {*Rage}
rNeg    . . .      Spirit   .   b - +0 robe
rPois   .          Reflect  .   (no helmet)
rElec   .          Harm     .   c - +0 cloak
rCorr   .          Rampage  .   (no gloves)
Will    .....      Rage     20% (no boots)
Stlth   ++........              (no amulet)
HPRegen 0.05/turn               (no ring)
MPRegen 0.07/turn               (no ring)

@: constricted
A: no striking features
a: no special abilities


You were on level 1 of the Dungeon.
You visited 1 branch of the dungeon, and saw 1 of its levels.

You collected 54 gold pieces.

Inventory:

Hand Weapons
 a - a +2 dagger (weapon)
Missiles
 d - 9 poisoned darts (quivered)
 e - 3 curare-tipped darts
Armour
 b - a +0 robe (worn)
 c - a +0 cloak (worn)
 f - an orb of wrath (worn)
Scrolls
 g - a scroll of identify {unknown}
 i - a scroll of poison {unknown}
Potions
 h - a potion of heal wounds {unknown}


   Skills:
 + Level 2.1 Fighting
 - Level 1.7 Short Blades
 - Level 1.7 Throwing
 * Level 1.2 Dodging
 * Level 3.7 Stealth


You couldn't memorise any spells.
You didn't know any spells.
Your spell library contained the following spells:

 Spells                   Type           Power      Damage    Failure   Level
 Slow                     Hex            0%         N/A       32%         1
 Confusing Touch          Hex            0%         N/A       69%         3
 Vampiric Draining        Necr           0%         2d6       69%         3


Dungeon Overview and Level Annotations

Branches:
Dungeon (1/15)

Altars:


Message History

A giant cockroach comes into view.
Found 11 gold pieces.
A goblin comes into view. It is wielding a +0 dagger.
Found a scroll labelled EROITEYGAY and a scroll labelled NIENEN LAMASU.
The goblin shouts!
The kobold shouts!
The kobold throws a stone.
The stone hits you but does no damage.
The ball python hisses angrily.
The ball python closely misses you. The ball python grabs you.
The ball python constricts you. The goblin barely misses you.
The kobold hits you but does no damage.
You closely miss the goblin. The ball python closely misses you.
The ball python constricts you. The goblin hits you but does no damage.
The kobold hits you but does no damage.
You barely miss the ball python.
The ball python bites you but does no damage.
The ball python constricts you.
The kobold hits you with a +0 short sword.
The goblin barely misses you. The ball python closely misses you.
The ball python constricts you.
You hit the ball python but do no damage.
The goblin hits you with a +0 dagger. The kobold closely misses you.
The ball python misses you. The ball python constricts you.
You closely miss the ball python. The goblin hits you but does no damage.
The kobold hits you but does no damage. The ball python bites you.
The ball python constricts you.
You closely miss the ball python. The goblin barely misses you.
The kobold hits you but does no damage. The ball python bites you.
The ball python constricts you.
You hit the ball python.
The ball python is severely wounded.
The ball python bites you.
* * * LOW HITPOINT WARNING * * *
The ball python constricts you.
The kobold hits you with a +0 short sword.
* * * LOW HITPOINT WARNING * * *
The goblin barely misses you.
You closely miss the ball python.
The ball python is severely wounded.
The ball python bites you.
You die...

########.#.....
###.........
#.....###### #
#.#####.#.#....#
#.
....#......####
.##.#.#..#.###
.B$#.#..#.# #
#gS..#..#.#
#..#@##.#....#
#..K....##.#.#
#..........###
############


You could see a giant cockroach, a goblin, a ball python and a kobold.

Vanquished Creatures
  A bat (D:1)
  An endoplasm (D:1)
  2 hobgoblins (D:1)
  A rat (D:1)
5 creatures vanquished.

Notes
Turn   | Place    | Note
-------+----------+-------------------------------------------
     0 | D:1      | IdlyInterested the Demonspawn Brigand began the quest for
                  | the Orb.
     0 | D:1      | Reached XP level 1. HP: 16/16 MP: 1/1
    39 | D:1      | Reached skill level 1 in Dodging
   188 | D:1      | Found a faded altar of an unknown god.
   189 | D:1      | Noticed a floating eye
   193 | D:1      | Noticed a floating eye
   200 | D:1      | Noticed a golden eye
   200 | D:1      | Noticed a floating eye
   429 | D:1      | Slain by a ball python

Illustrated notes

Levels and vault maps discovered:
D:1:      ncdulo_smallfort, layout_basic,
          hellmonk_ecumenical_altar_watching_god, minmay_domino_4

Skill      XL: |  1 |
---------------+----+-----
Dodging        | 1 |  1.2
Fighting       | |  2.1
Short Blades   | |  1.7
Throwing       | |  1.7
Stealth        | |  3.7

Action                   || total
-------------------------++-------
Melee: Dagger            ||    26
Armor: Robe              ||    19
Dodge: Dodged            ||    23

Table legend: (Time is in decaauts)
 A = Elapsed time spent in this place.
 B = Non-inter-level travel time spent in this place.
 C = Inter-level travel time spent in this place.
 D = Time resting spent in this place.
 E = Time spent auto-exploring this place.
 F = Levels seen in this place.
 G = Mean time per level.
                   A        B        C        D        E       F      G
               +--------+--------+--------+--------+--------+-----+--------+
         Total |    439 |    439 |      0 |     67 |    279 |   1 |  439.0 |
       Dungeon |    439 |    439 |      0 |     67 |    279 |   1 |  439.0 |
               +--------+--------+--------+--------+--------+-----+--------+

Top non-repeatable levels by time:
     D:1: 439 daAuts
